[Event "*** Titled Tuesday Blitz"]
[Site "Chess.com"]
[Date "2019.07.02"]
[Round "5"]
[White "ehrenfeld"]
[Black "wonderfultime"]
[Result "0-1"]
[WhiteElo "2561"]
[BlackElo "2903"]
[TimeControl "180+2"]
[EndTime "14:07:25 PDT"]
[Termination "wonderfultime won on time"]

1. e4 c5 2. Nf3 Nf6 3. e5 Nd5 4. g3 Nc6 5. Bg2 g6 6. O-O Bg7 7. Re1 O-O 8. c3 d6 9. exd6 Qxd6 10. Na3 Rd8 11. Nc4 Qc7 12. Qe2 Bf5 13. Nh4 Nxc3 14. dxc3 Bd3 15. Qg4 h5 16. Qg5 Bxc4 17. Qxc5 Bd3 18.
Bg5 Rd7 19. Nf3 e6 20. Bf4 Qb6 21. Qxb6 axb6 22. Ne5 Bxe5 23. Bxe5 Bc4 24. Bf4 Rxa2 25. Rxa2 Bxa2 26. Ra1 Bd5 27. Ra8+ Kg7 28. Be3 b5 29. Bf1 Bf3 30. Ra1 b4 31. cxb4 Nxb4 32. Rc1 Bc6 33. h3 f6 34. g4 hxg4 35. hxg4 g5 36. Kh2 Rd8 37. Kg3 Nd5 38. Bc5 Nf4 39. Ra1 Rh8 40.
f3 Rh1 41. b4 Bb5 0-1

[Event "*** Titled Tuesday Blitz"]
[Site "Chess.com"]
[Date "2019.07.02"]
[Round "5"]
[White "GuerrieroFromLevant"]
[Black "pandamaster3000"]
[Result "1-0"]
[WhiteElo "2245"]
[BlackElo "2274"]
[TimeControl "180+2"]
[EndTime "14:07:25 PDT"]
[Termination "GuerrieroFromLevant won by resignation"]

1. e4 c5 2. Nf3 d6 3. Bb5+ Nd7 4. Ba4 a6 5. c4 Nf6 6. Nc3 g6 7. O-O Bg7 8. h3 O-O 9. a3 Ne5 10. d3 Bd7 11. Nxe5 dxe5 12. Bxd7 Qxd7 13. f4 Qd4+ 14. Kh2 exf4 15. Bxf4 Nh5 16. g3 e6 17. Qf3 Rfd8 18.
Rad1 b5 19. Be3 Qd6 20. cxb5 Be5 21. Ne2 axb5 22. Qxf7+ Kh8 23. Qf3 Rf8 24. Bf4 Nxf4 25. gxf4 g5 26. fxe5 Qxe5+ 27. Qg3 Qxb2 28. Qg2 Rxf1 29.
Rxf1 Qe5+ 30. Ng3 Rxa3 31. Qf3 Ra2+ 32. Kh1 Ra8 33. Nh5 Rg8 34. Qf6+ Qxf6 35. Rxf6 c4 36.
dxc4 bxc4 37. Rxe6 Rc8 38. Rd6 c3 39. Rd1 c2 40.
Rc1 Kg8 41. Ng3 Kf7 42. Ne2 Rc4 43. Kg2 Ke6 44. Kf3 Ke5 45. Ke3 h5 46. Kd3 Rxe4 47.
Rxc2 Rh4 48. Ng1 g4 49. Rc4 Kf6 50. Ke3 Kg5 51. Kf2 gxh3 52. Nf3+ 1-0

[Event "*** Titled Tuesday Blitz"]
[Site "Chess.com"]
[Date "2019.07.02"]
[Round "5"]
[White "volcanoexplorer"]
[Black "Palacios-LLera"]
[Result "1-0"]
[WhiteElo "2533"]
[BlackElo "2406"]
[TimeControl "180+2"]
[EndTime "14:07:29 PDT"]
[Termination "volcanoexplorer won by resignation"]

1. e4 c5 2. Nf3 Nc6 3. d4 cxd4 4. Nxd4 g6 5. Nc3 Bg7 6. Be3 Nf6 7.
Bc4 d6 8. f3 Bd7 9. Qd2 h5 10.
Bb3 a5 11. O-O O-O 12. a4 Qc8 13. Nce2 Ne5 14. Bh6 Nc4 15. Qc1 Qc5 16. c3 e5 17.
Bxg7 Kxg7 18. Bxc4 Qxc4 19. b3 Qc5 20. b4 axb4 21. Qe3 exd4 22. cxd4 Qb6 23. f4 Bg4 24.
Ng3 Rae8 25. e5 dxe5 26. fxe5 Nd5 27. Qf2 Nc3 28. h3 Be6 29. Qf6+ Kh7 30. Qf4 Rd8 31.
Rfd1 Nxd1 32. Rxd1 b3 33. Ne4 Rxd4 34. Nf6+ Kg7 35.
Rxd4 Rd8 36. Nxh5+ Kf8 37. Qh6+ Ke7 38. Qg5+ Ke8 39. Ng7+ Kf8 40. Nxe6+ fxe6 41. Qxd8+ Qxd8 42. Rxd8+ Ke7 43. Rd2 1-0

[Event "*** Titled Tuesday Blitz"]
[Site "Chess.com"]
[Date "2019.07.02"]
[Round "5"]
[White "Nightlord1"]
[Black "temus_galaktionov"]
[Result "0-1"]
[WhiteElo "2149"]
[BlackElo "2525"]
[TimeControl "180+2"]
[EndTime "14:07:30 PDT"]
[Termination "temus_galaktionov won by resignation"]

1. e4 c6 2. d4 g6 3. Nc3 Bg7 4. h3 d6 5. f4 Nd7 6. g4 e5 7. fxe5 Qh4+ 8. Ke2 dxe5 9. Nf3 Qe7 10. d5 Ngf6 11. Bg5 h6 12. d6 Qe6 13. Be3 Bf8 14.
Kf2 Bxd6 15. b3 Bc5 16. Qe1 Qe7 17. Kg2 Kf8 18. Rd1 Kg7 19. Bd3 b5 20. Rf1 Bxe3 21. Qxe3 Nc5 22. Rd2 Bd7 23. Kg3 Rad8 24. Rdf2 Rhf8 25.
Ne2 Nh7 26. h4 Nf6 27. Nh2 Nh7 28. Nf3 Bc8 29. b4 Ne6 30. Nxe5 Qd6 31. Rxf7+ Rxf7 32. Rxf7+ Kg8 33. Rf5 gxf5 34. exf5 Nc7 35. Qf4 Nd5 36. Nf7 Nxf4 37. Nxd6 Nxe2+ 0-1

[Event "*** Titled Tuesday Blitz"]
[Site "Chess.com"]
[Date "2019.07.02"]
[Round "5"]
[White "enriquetejedor"]
[Black "monalize"]
[Result "1-0"]
[WhiteElo "2580"]
[BlackElo "2330"]
[TimeControl "180+2"]
[EndTime "14:07:30 PDT"]
[Termination "enriquetejedor won by resignation"]

1. e4 c5 2. Nf3 d6 3. d4 cxd4 4. Nxd4 Nf6 5. Nc3 a6 6. Bg5 e6 7. f4 h6 8. Bh4 Qb6 9. Qd2 Qxb2 10. Rb1 Qa3 11. e5 g5 12. fxg5 dxe5 13. g6 Be7 14.
gxf7+ Kxf7 15. Nf3 Nc6 16. Bd3 e4 17. Nxe4 Nxe4 18.
Bxe4 Bb4 19. Rxb4 Qxb4 20. Qxb4 Nxb4 21. Ne5+ Kg7 22. O-O Rf8 23. Rd1 Nd5 24. c4 Nc3 25. Re1 Nxe4 26. Rxe4 b5 27. c5 Ra7 28. Rg4+ Kh7 29. h3 Rg7 30. Rd4 Rf5 31. Re4 Bb7 32. c6 Rxe5 33. cxb7 Rxb7 34. Rxe5 Rb6 35. Rc5 Kg6 36. Bf2 b4 37. Rg5+ hxg5 38. Bxb6 Kf5 39. Ba5 1-0

[Event "*** Titled Tuesday Blitz"]
[Site "Chess.com"]
[Date "2019.07.02"]
[Round "5"]
[White "JozefKneht"]
[Black "narutosmith"]
[Result "0-1"]
[WhiteElo "2338"]
[BlackElo "2216"]
[TimeControl "180+2"]
[EndTime "14:07:32 PDT"]
[Termination "narutosmith won by resignation"]

1. e4 e5 2. Nf3 Nc6 3. Bb5 a6 4. Ba4 Nge7 5. c3 g6 6. d4 exd4 7. cxd4 b5 8. Bc2 d5 9. exd5 Nxd5 10. O-O Be6 11. Bg5 Qd7 12. Nbd2 Bg7 13. Nb3 O-O 14.
Nc5 Qd6 15. Ne4 Qd7 16. Rc1 Bg4 17. Bb3 Bxf3 18. Qxf3 Nxd4 19. Qd3 Nxb3 20. axb3 c6 21. Rfd1 f5 22. Nc5 Qd6 23. Qc2 Ra7 24. h3 Re8 25.
Rd2 Qe5 26. Rcd1 Nb4 27. Qb1 Qxc5 28. Rd8 Ra8 29. R8d7 Qf8 30. Qc1 c5 31. Qd2 h6 32.
Bf4 g5 33. Bd6 Qf6 34. Bxc5 Nc6 35. h4 Red8 36. Qd5+ Kh7 37. hxg5 hxg5 38. Rd3 Rxd7 39. Qxd7 Rd8 40. Rh3+ Kg6 41. Qc7 Rd1+ 42. Kh2 Qe5+ 43.
Qxe5 Bxe5+ 44. g3 Bxb2 45. Kg2 g4 46. Rh4 Bf6 47. Rh2 Ne5 0-1

[Event "*** Titled Tuesday Blitz"]
[Site "Chess.com"]
[Date "2019.07.02"]
[Round "5"]
[White "colegiodemadrid"]
[Black "Natalya_Buksa"]
[Result "1-0"]
[WhiteElo "2450"]
[BlackElo "2443"]
[TimeControl "180+2"]
[EndTime "14:07:32 PDT"]
[Termination "colegiodemadrid won by checkmate"]

1. e4 c5 2. Nf3 Nc6 3. d4 cxd4 4. Nxd4 Nf6 5. Nc3 e5 6. Ndb5 d6 7. Bg5 a6 8. Na3 b5 9. Nd5 Be7 10. Bxf6 Bxf6 11. c3 O-O 12. Nc2 Rb8 13. a4 b4 14.
Ncxb4 Nxb4 15. Nxb4 a5 16. Nc6 Qb6 17. Nxb8 Qxb8 18. Bb5 Bb7 19. Qd3 Qa8 20. f3 Qa7 21. Ke2 Rd8 22. Bc4 Rc8 23. Bd5 Ba6 24. c4 Rb8 25. b3 Bg5 26. g3 Qc5 27. Rhf1 Bc8 28. h4 Bh6 29. Rfd1 Kf8 30. Rdb1 g6 31. b4 axb4 32. a5 Ba6 33. Rb3 f5 34. exf5 Kg7 35. fxg6 hxg6 36. Kf1 Rb5 37. Kg2 Rxa5 38. Rxa5 Qxa5 39.
Qb1 Bd2 40. h5 gxh5 41. Qf5 Qc7 42. Qxh5 Bc8 43. Rb2 Be3 44. Rxb4 Qa7 45. Rb7+ Bxb7 46. Qf7+ Kh6 47. Qf8+ Kg5 48. Qg7+ Kf5 49. g4+ Kf4 50. Qf6# 1-0

[Event "*** Titled Tuesday Blitz"]
[Site "Chess.com"]
[Date "2019.07.02"]
[Round "5"]
[White "Rish_97"]
[Black "moro182"]
[Result "0-1"]
[WhiteElo "2527"]
[BlackElo "2791"]
[TimeControl "180+2"]
[EndTime "14:07:34 PDT"]
[Termination "moro182 won by resignation"]

1. Nf3 d5 2. e3 Nf6 3. c4 e6 4. Nc3 Nbd7 5. b3 b6 6. Bb2 Bb7 7. cxd5 exd5 8. g3 a6 9. Bg2 Bd6 10. O-O O-O 11. Qc2 Re8 12. Rac1 Rc8 13. d4 Qe7 14. Rfe1 Ne4 15. Ne2 a5 16. Nf4 Ndf6 17. Bh3 Rcd8 18. Rcd1 g5 19. Ne5 gxf4 20. exf4 Bxe5 21.
dxe5 Nd7 22. Bf5 Nf8 23. f3 Qc5+ 24. Qxc5 Nxc5 25. Bc2 d4 26. Kf2 d3 27. Bb1 Ba6 28. Ke3 f6 29. Rd2 Ng6 30. Ba3 fxe5 31. f5 Ne7 32.
Bxc5 bxc5 33. g4 Nd5+ 34. Kf2 Nf4 35. Rc1 e4 36. fxe4 Rxe4 37. Rxc5 Re2+ 38. Rxe2 dxe2 0-1

[Event "*** Titled Tuesday Blitz"]
[Site "Chess.com"]
[Date "2019.07.02"]
[Round "5"]
[White "SavelievAlexei"]
[Black "jk13"]
[Result "0-1"]
[WhiteElo "2382"]
[BlackElo "2585"]
[TimeControl "180+2"]
[EndTime "14:07:34 PDT"]
[Termination "jk13 won by resignation"]

1. e4 e5 2. Nf3 Nc6 3. Be2 Nf6 4. d3 d5 5. Nbd2 Bc5 6. O-O O-O 7. c3 a5 8. b3 Re8 9. a3 d4 10. c4 h6 11. Ne1 Bd6 12. g3 Bh3 13. Ng2 Nd7 14. f4 Nc5 15. Nf3 Qd7 16. Rb1 f5 17. fxe5 Nxe5 18. Nxe5 Bxe5 19. exf5 Bxf5 20. Bf4 Bf6 21.
Ne1 c6 22. Qc2 Re7 23. b4 axb4 24. axb4 Na4 25. Ra1 b5 26. Bf3 Rc8 27. Ng2 Nc3 28. cxb5 cxb5 29. Qb3+ Kh8 30. Rfe1 Bxd3 31. Rxe7 Qxe7 32.
Re1 Qd7 33. g4 Bc4 34. Qc2 d3 35. Qd2 Nd5 36. Bxd5 Qxd5 37. Bxh6 Qd4+ 38. Be3 Qxg4 39. Rf1 Bd5 40. Rf4 Qg6 41. h3 Rc2 0-1

[Event "*** Titled Tuesday Blitz"]
[Site "Chess.com"]
[Date "2019.07.02"]
[Round "5"]
[White "vanea_03"]
[Black "tunadrol"]
[Result "0-1"]
[WhiteElo "2649"]
[BlackElo "2441"]
[TimeControl "180+2"]
[EndTime "14:07:35 PDT"]
[Termination "tunadrol won by resignation"]

1. d4 Nf6 2. c4 g6 3. Nf3 d5 4.
cxd5 Nxd5 5. e4 Nb6 6. Nc3 Bg7 7. Be3 Bg4 8. Be2 O-O 9. O-O Nc6 10. d5 Bxf3 11. gxf3 Na5 12. Bd4 e5 13. Bc5 Re8 14. b3 c6 15. Bb4 Nd7 16. Qd2 c5 17. Ba3 a6 18. b4 cxb4 19. Bxb4 b5 20. a4 Nb3 21. Qb2 Nxa1 22. axb5 axb5 23. Rxa1 Qg5+ 24. Kh1 Rxa1+ 25. Qxa1 Qd2 26. Bxb5 Qxf2 27. Qd1 Ra8 28. Bxd7 Qb2 29. Na4 Qxb4 30. Bc6 Rd8 31. Kg2 Bf8 32. Qc2 Qe7 33. Nc3 Qg5+ 34. Kf1 Bc5 35. Ne2 Qe3 36. Ke1 Rb8 37. Kd1 Rb3 38. Nc1 Qg1+ 39. Kd2 Be3+ 40. Ke2 Qf2+ 0-1

[Event "*** Titled Tuesday Blitz"]
[Site "Chess.com"]
[Date "2019.07.02"]
[Round "5"]
[White "Aleksandr_Kholin"]
[Black "playerorkinyo"]
[Result "1-0"]
[WhiteElo "2383"]
[BlackElo "2418"]
[TimeControl "180+2"]
[EndTime "14:07:37 PDT"]
[Termination "Aleksandr_Kholin won by resignation"]

1. g3 Nf6 2. Bg2 g6 3. Nf3 Bg7 4. O-O O-O 5. d4 c6 6. c4 d5 7.
cxd5 cxd5 8. Nc3 Ne4 9. Nd2 Bxd4 10. Ndxe4 dxe4 11. Bh6 Re8 12. Bxe4 Nc6 13. Rc1 Be6 14. Qa4 Qb6 15. Nd5 Bxd5 16. Bxd5 Rac8 17. e3 Bf6 18.
Qb3 Qxb3 19. axb3 Bxb2 20. Rc2 Nb4 21. Rxc8 Rxc8 22. Bxb7 Rc3 23. Rd1 Rd3 24. Rxd3 Nxd3 25. Ba6 Nc5 26. Bc4 a5 27. Kf1 Bc3 28. f3 a4 29. bxa4 Nxa4 30. e4 Nc5 31. Be3 Nd7 32.
Ke2 e6 33. Bb5 Nf6 34. Kd3 Bb4 35. Bd4 Be7 36. Kc4 Kf8 37. Be3 Ne8 38. e5 f6 39.
f4 fxe5 40. fxe5 Ng7 41. g4 h5 42. h3 hxg4 43. hxg4 g5 44. Bc5 Bxc5 45. Kxc5 Ke7 46.
Bc6 Kf7 47. Kd6 Kf8 48. Kd7 Kf7 49. Kd6 Kf8 50. Bd7 Kf7 51. Bc8 Ne8+ 52. Kd7 Ng7 53. Ba6 Kg6 54. Ke7 Nf5+ 55. gxf5+ Kxf5 56. Kd6 g4 57. Bf1 Kf4 58. Kxe6 g3 59. Ba6 Kf3 1-0

[Event "*** Titled Tuesday Blitz"]
[Site "Chess.com"]
[Date "2019.07.02"]
[Round "5"]
[White "TheCavemanChesss"]
[Black "jacky72"]
[Result "1/2-1/2"]
[WhiteElo "2418"]
[BlackElo "2614"]
[TimeControl "180+2"]
[EndTime "14:07:40 PDT"]
[Termination "Game drawn by stalemate"]

1. e4 e5 2. Nf3 Nc6 3. Bb5 a6 4. Ba4 d6 5. O-O Bd7 6. c4 Nf6 7. Nc3 Be7 8. d4 exd4 9. Nxd4 Nxd4 10. Bxd7+ Nxd7 11. Qxd4 Bf6 12. Qd3 Nc5 13. Qe3 O-O 14. Nd5 Re8 15. f3 c6 16. Nxf6+ Qxf6 17. Rb1 a5 18.
Bd2 b6 19. Bc3 Qe6 20. Qd4 f6 21. Rfd1 Rad8 22. b3 Rd7 23. Ba1 Red8 24. Re1 Qf7 25. Rbd1 d5 26. cxd5 cxd5 27. e5 fxe5 28. Rxe5 Qg6 29.
h4 h6 30. h5 Qf6 31. Qe3 d4 32. Rxd4 Rxd4 33. Bxd4 Qd6 34. Bxc5 bxc5 35. Qxc5 Qd1+ 36. Kh2 Qd2 37. Qxa5 Qd4 38. Qe1 Qd6 39. f4 Kf8 40. Rf5+ Kg8 41. Qe5 Qd2 42. Qe6+ Kh8 43. Qe7 Kh7 44.
Rf7 Rg8 45. Qe4+ Kh8 46. a4 Qf2 47. Qe5 Qh4+ 48. Kg1 Qg4 49. a5 Rd8 50. Qf5 Rd1+ 51. Kh2 Qh4+ 52. Qh3 Qd8 53. a6 Rd3 54. Qg4 Qg8 55.
a7 Rd8 56. Rb7 Qf8 57. b4 Qf6 58. Rb8 Qf8 59. Rxd8 Qxd8 60. b5 Qa8 61. b6 Qb7 62. Qe6 g5 63. Qxh6+ Kg8 64. Qg6+ Kh8 65. fxg5 Qxg2+ 66. Kxg2 1/2-1/2

[Event "*** Titled Tuesday Blitz"]
[Site "Chess.com"]
[Date "2019.07.02"]
[Round "5"]
[White "Vadim_Biliy"]
[Black "Kawhi_Leonard2"]
[Result "1/2-1/2"]
[WhiteElo "2220"]
[BlackElo "2305"]
[TimeControl "180+2"]
[EndTime "14:07:43 PDT"]
[Termination "Game drawn by agreement"]

1. e4 c5 2. Nf3 d6 3. d4 cxd4 4. Nxd4 Nf6 5. Nc3 g6 6. g3 Nc6 7. Nde2 h5 8. h3 Bd7 9. Bg2 Qc8 10. Nf4 Bg7 11. Ncd5 Ne5 12. c3 b5 13. Be3 Nc4 14. Bd4 Nxb2 15. Qe2 Nc4 16. Nxf6+ Bxf6 17. Bxf6 exf6 18.
Nd5 Qd8 19. Qf3 Ne5 20. Qxf6 Qxf6 21. Nxf6+ Ke7 22. Nxd7 Kxd7 23. f4 Nd3+ 24. Ke2 Nc5 25. Rhd1 Rhe8 26. e5 Rad8 27. Rxd6+ Kc7 28. Rad1 Na4 29.
Rxd8 Nxc3+ 30. Ke3 Rxd8 31. Rc1 b4 32. a3 a5 33. axb4 axb4 34. g4 hxg4 35. hxg4 Kb6 36.
f5 gxf5 37. gxf5 Re8 38. e6 fxe6 39. fxe6 Rxe6+ 40. Kd3 Kc5 41. Bf3 Rf6 42. Bb7 Rg6 43.
Re1 Rg3+ 44. Re3 Rxe3+ 45. Kxe3 b3 1/2-1/2

[Event "*** Titled Tuesday Blitz"]
[Site "Chess.com"]
[Date "2019.07.02"]
[Round "5"]
[White "Bad4life"]
[Black "Witik"]
[Result "0-1"]
[WhiteElo "2357"]
[BlackElo "2536"]
[TimeControl "180+2"]
[EndTime "14:07:44 PDT"]
[Termination "Witik won on time"]

1. e4 c6 2. Nc3 d5 3. Qe2 Nf6 4. e5 Nfd7 5. g3 e6 6. Bg2 c5 7.
f4 Nc6 8. Nf3 Be7 9. O-O O-O 10.
Kh1 Rb8 11. d4 cxd4 12. Nb5 Qb6 13. Rd1 d3 14. Qxd3 Nc5 15. Qe2 Ne4 16. Be3 Bc5 17.
Bxc5 Qxc5 18. Nbd4 Bd7 19. c3 b5 20. a3 a5 21. Rac1 Qb6 22. b4 Rfc8 23. Bf1 Nxd4 24. Rxd4 Nxc3 25. Qb2 Ne4 26. Rcd1 h6 27. Ne1 Rc7 28.
Bg2 Bc6 29. Nd3 Bb7 30. Bxe4 dxe4 31. Nc5 e3+ 32. Kg1 Bd5 33. Qe2 axb4 34. axb4 Rxc5 35. bxc5 Qxc5 36. Qxe3 b4 37. Qf2 b3 38. Rb1 Ra8 39. Rd2 Qc3 40. Rdb2 Ra4 41. h3 Rd4 0-1

[Event "*** Titled Tuesday Blitz"]
[Site "Chess.com"]
[Date "2019.07.02"]
[Round "5"]
[White "iturrizaga"]
[Black "swisspower96"]
[Result "1-0"]
[WhiteElo "2951"]
[BlackElo "2727"]
[TimeControl "180+2"]
[EndTime "14:07:45 PDT"]
[Termination "iturrizaga won by resignation"]

1. c4 e5 2. g3 Nf6 3. Bg2 d5 4.
cxd5 Nxd5 5. Nf3 Nc6 6. O-O Nb6 7. d3 Be7 8. Nbd2 a5 9. b3 a4 10.
Bb2 f6 11. Nc4 a3 12. Bc3 Nd5 13. Bd2 O-O 14. Qc1 Be6 15. Rd1 Qe8 16. e4 Ndb4 17. Bc3 Bg4 18. h3 Bxf3 19. Bxf3 Bc5 20. Nxa3 Qe7 21. Rd2 Rfd8 22. Nb5 Nxd3 23. Qf1 Nxf2 24. Rxf2 Bxf2+ 25. Qxf2 Rd3 26. Be2 Rdd8 27. Bc4+ Kh8 28.
a4 Qd7 29. Kh2 Na5 30. Bxa5 Rxa5 31. Be2 Raa8 32. Rd1 Qe7 33. Rc1 c6 34. Nc3 Rd2 35. Qe3 Rad8 36. Rd1 Rxd1 37. Nxd1 Qb4 38. Kg2 Rd4 39.
Nf2 Qa3 40. h4 g6 41. Qf3 Kg7 42. Bc4 Qe7 43. h5 Rd2 44. h6+ Kxh6 45. Qe3+ Kg7 46.
Qxd2 1-0

[Event "*** Titled Tuesday Blitz"]
[Site "Chess.com"]
[Date "2019.07.02"]
[Round "5"]
[White "Benjoneliere44"]
[Black "darsen_sanzhaev"]
[Result "1-0"]
[WhiteElo "2452"]
[BlackElo "2626"]
[TimeControl "180+2"]
[EndTime "14:07:45 PDT"]
[Termination "Benjoneliere44 won by resignation"]

1. Nf3 Nf6 2. g3 d5 3. Bg2 c6 4. O-O Bg4 5. c4 Nbd7 6. cxd5 cxd5 7. d4 e6 8. Nc3 Bd6 9. Qb3 Qb6 10. Qxb6 Nxb6 11. Nb5 Bb8 12. Bf4 Bxf4 13. gxf4 Ke7 14. e3 Bxf3 15. Bxf3 a6 16. Na3 h6 17. Rfc1 Rac8 18. Kf1 g5 19. fxg5 hxg5 20. Rxc8 Nxc8 21. Rc1 Kd7 22. Kg1 Nd6 23. Nb1 g4 24. Bg2 Nfe4 25. Nc3 f5 26. Nxe4 fxe4 27. Bf1 Nf5 28. Be2 Rg8 29.
Kg2 Nh4+ 30. Kg3 Nf3 31. Rh1 Kd6 32. Kf4 a5 33. Bxf3 gxf3 34. h4 Ke7 35. h5 Kf6 36.
h6 Rh8 37. h7 b5 38. Rh2 b4 39. b3 Kg6 40. Ke5 Kg7 41. Kxe6 Re8+ 42. Kd7 Rh8 43.
Kc7 Kg6 44. Kc6 Kg7 45. Kxd5 Rd8+ 46. Kxe4 Kh8 47. d5 1-0

[Event "*** Titled Tuesday Blitz"]
[Site "Chess.com"]
[Date "2019.07.02"]
[Round "5"]
[White "Gubajdullin"]
[Black "FedaMaster"]
[Result "1-0"]
[WhiteElo "2607"]
[BlackElo "2502"]
[TimeControl "180+2"]
[EndTime "14:07:45 PDT"]
[Termination "Gubajdullin won by resignation"]

1. d4 Nf6 2. Bf4 g6 3. e3 Bg7 4.
Nf3 d6 5. Be2 O-O 6. O-O c5 7.
c3 Nc6 8. h3 cxd4 9. exd4 Nd5 10.
Bg3 e5 11. Na3 e4 12. Nd2 f5 13. Bc4 Be6 14. Qb3 Nce7 15. Nb5 a6 16. Nxd6 b5 17. Nxb5 axb5 18. Qxb5 Qc8 19. Bd6 Rd8 20. Bxe7 Nxe7 21. Bxe6+ Qxe6 22. Nb3 Nd5 23. Nc5 Qe7 24. Qc4 Kh8 25. a4 Nf4 26. Kh2 Rac8 27. g3 Nd3 28. b4 f4 29. Qa6 fxg3+ 30. fxg3 Qg5 31. Nxd3 exd3 32. Qxd3 Re8 33. Rae1 Rxe1 34. Rxe1 Rf8 35. Re2 Qd8 36. a5 Qd5 37. a6 Rf1 38. Qe4 Qf7 39. Qe8+ Bf8 40. Qxf7 Rxf7 41. b5 Bd6 42. b6 Rf3 43. a7 Rxg3 44. Kh1 Kg7 45. a8=Q Rxh3+ 46. Kg2 Rxc3 47. Qd5 Kh6 48. Qxd6 Rg3+ 1-0

[Event "*** Titled Tuesday Blitz"]
[Site "Chess.com"]
[Date "2019.07.02"]
[Round "5"]
[White "Kirill_Klukin"]
[Black "VerdeNotte"]
[Result "0-1"]
[WhiteElo "2646"]
[BlackElo "2844"]
[TimeControl "180+2"]
[EndTime "14:07:47 PDT"]
[Termination "VerdeNotte won by resignation"]

1. d4 Nf6 2. Nf3 g6 3. c4 Bg7 4. Nc3 O-O 5. e4 d6 6. Be2 Nbd7 7. O-O e5 8. Be3 Qe7 9. dxe5 Nxe5 10. Nxe5 dxe5 11. Nd5 Qd8 12. Bc5 Nxe4 13. Bxf8 Bxf8 14. Bf3 Nd6 15. Qe2 c6 16. Nc3 Be6 17. b3 Nf5 18. Qxe5 Nd4 19. Rad1 Nxf3+ 20. gxf3 Qe7 21. Ne4 Bg7 22.
Qd6 Qh4 23. Qg3 Qh5 24. Rfe1 Be5 25. f4 Bg7 26. Qg5 Qg4+ 27. Qxg4 Bxg4 28. Rd3 Bf5 29. f3 Bf8 30. Kg2 a5 31. Red1 Be7 32.
R3d2 a4 33. Ng3 Be6 34. Rd3 Kg7 35. R1d2 Bb4 36. Re2 Bc5 37. Rxe6 fxe6 38. Rd7+ Kg8 39. Ne4 b6 40. Nf6+ Kf8 41. Nxh7+ Ke8 42. Nf6+ Kf8 43.
Rc7 Bd4 44. Nh7+ Ke8 45. Rxc6 Kd7 0-1

[Event "*** Titled Tuesday Blitz"]
[Site "Chess.com"]
[Date "2019.07.02"]
[Round "5"]
[White "Samantha_Ross"]
[Black "Perecke"]
[Result "1-0"]
[WhiteElo "2032"]
[BlackElo "2038"]
[TimeControl "180+2"]
[EndTime "14:07:50 PDT"]
[Termination "Samantha_Ross won on time"]

1. e4 c5 2. Nf3 e6 3. b4 cxb4 4.
a3 bxa3 5. c3 Nc6 6. d4 d5 7. e5 f6 8. exf6 Nxf6 9. Bd3 Bd6 10. O-O O-O 11. h3 Bd7 12. Re1 h6 13.
Bxa3 Bxa3 14. Nxa3 a6 15. Nc2 Rc8 16. Ne3 Qc7 17. Ng4 Nxg4 18. hxg4 Qf4 19. Bc2 Qxg4 20. Qd3 Rxf3 21. Qxf3 Qxf3 22. gxf3 Nxd4 23. cxd4 Rxc2 24.
Reb1 Bb5 25. Rc1 Rd2 26. Rc8+ Kh7 27. Rc7 Rxd4 28. Rxb7 Rf4 29. Rc1 Rf6 30. Rcc7 Rg6+ 31. Kh2 d4 32. Rb6 d3 33. Rd6 e5 34. Rd8 Rf6 35. Kg3 Kg6 36. Rc5 Rf7 37. Rxe5 Bc6 38. Rxd3 Rf6 39. Re7 Rf7 40. Rd6+ Rf6 41. Ree6 Be8 42.
Rxa6 Bf7 43. Rxf6+ gxf6 44. Kf4 Bd5 45. Rd6 Ba8 46.
Kg4 h5+ 47. Kg3 Bb7 48. Rb6 Bd5 49. Rb5 Bc6 50. Rc5 Bb7 51. f4 Be4 52. Kh4 Bf3 53.
f5+ Kh6 54. Rc7 Bd5 55. Rd7 Bc4 56. Rd8 1-0

[Event "*** Titled Tuesday Blitz"]
[Site "Chess.com"]
[Date "2019.07.02"]
[Round "5"]
[White "PNEPaul"]
[Black "chesstatour"]
[Result "0-1"]
[WhiteElo "1829"]
[BlackElo "2011"]
[TimeControl "180+2"]
[EndTime "14:07:51 PDT"]
[Termination "chesstatour won by resignation"]

1. e4 c6 2. d4 d5 3. e5 c5 4. c3 Nc6 5. Bd3 cxd4 6. Nf3 dxc3 7. bxc3 Bg4 8. Bf4 e6 9. O-O Bc5 10. h3 Bh5 11. Nbd2 Nge7 12. g4 Bg6 13. Be2 h5 14.
Qb3 Qc7 15. Kg2 Be4 16. Nxe4 dxe4 17. Ng5 Ng6 18. Bg3 h4 19. Bh2 Ngxe5 20. Nxe4 Be7 21. f4 Nd7 22. f5 e5 23. Rad1 Rd8 24. g5 Nc5 25. Qc2 Rxd1 26. Rxd1 Nxe4 27. Qxe4 Bxg5 28. Bc4 O-O 29. Qg4 Bf6 30. Rf1 Na5 31. Bd3 Qxc3 32. Bb1 Rd8 33. Rf2 Rd2 34. Qf3 Qxf3+ 35. Kxf3 Rxf2+ 36. Kxf2 Kf8 37. Kf3 Ke7 38. Ke4 Kd6 39. Bc2 Nc4 40.
Bb3 Nd2+ 41. Kd3 Nxb3 42. axb3 Kc5 43. Bg1+ Kb4 44. Kc2 a6 45. Be3 b5 46. Bd2+ Kc5 47.
Be3+ Kd5 48. Kd3 a5 49. Bb6 a4 50. bxa4 bxa4 0-1

[Event "*** Titled Tuesday Blitz"]
[Site "Chess.com"]
[Date "2019.07.02"]
[Round "5"]
[White "dmosesov"]
[Black "lrestevez"]
[Result "1-0"]
[WhiteElo "2516"]
[BlackElo "2143"]
[TimeControl "180+2"]
[EndTime "14:07:52 PDT"]
[Termination "dmosesov won by resignation"]

1. d4 Nf6 2. c4 e5 3. dxe5 Ng4 4. Bf4 g5 5. Bg3 Bg7 6. Nf3 Nc6 7. h4 Ngxe5 8. Nxe5 Nxe5 9. Qc2 Qe7 10. e3 g4 11. Nc3 c6 12. O-O-O d6 13. h5 h6 14. Bh4 f6 15. Bg3 Be6 16. Bd3 O-O-O 17. Bf5 Rhe8 18.
Nd5 Qd7 19. Bxe6 Qxe6 20. e4 Kb8 21. Ne3 Qf7 22. Kb1 Bf8 23. b3 Ka8 24. Nf5 Qc7 25. Rd2 Rd7 26. Rhd1 Red8 27. Bf4 Nf7 28. c5 Ne5 29. cxd6 Bxd6 30. Bxh6 Bb4 31. Rxd7 Rxd7 32. Bf4 Rxd1+ 33. Qxd1 a6 34. h6 Qh7 35. Qd8+ Ka7 36. Be3+ c5 37. Nd6 Nc6 38. Qf8 Nd4 39. Nc8+ Kb8 40.
Nd6+ Ka7 41. Qg7 Qxg7 42. hxg7 1-0

[Event "*** Titled Tuesday Blitz"]
[Site "Chess.com"]
[Date "2019.07.02"]
[Round "5"]
[White "EndgameGrinder"]
[Black "VeraNebolsina"]
[Result "0-1"]
[WhiteElo "2572"]
[BlackElo "2376"]
[TimeControl "180+2"]
[EndTime "14:07:53 PDT"]
[Termination "VeraNebolsina won by resignation"]

1. e4 g6 2. d4 Bg7 3. Nc3 d6 4. f4 Nf6 5. Nf3 c5 6. Bb5+ Bd7 7. e5 Ng4 8. e6 fxe6 9. Ng5 Bxb5 10. Nxe6 Bxd4 11.
Nxb5 Qa5+ 12. c3 Bf2+ 13. Kd2 Na6 14. Nxd6+ exd6 15. Qxg4 c4 16. Qe2 Kd7 17. Ng5 Qd5+ 18. Kc2 Bb6 19. Qg4+ Kc6 20. Rd1 Qf5+ 21. Qxf5 gxf5 22.
b3 Rhe8 23. Ba3 Re2+ 24. Rd2 Rae8 25. Rd1 Nc7 26. Bxd6 Nd5 27. Be5 Ne3+ 28. Kb1 Nxd1 29. Rxe2 Nxc3+ 30. Bxc3 Rxe2 31. g3 cxb3 32. axb3 Rxh2 33.
Nf3 Rg2 34. Nh4 Rxg3 35. Kc2 Rh3 36. Nxf5 Bc7 37. Nd4+ Kd7 38. Ne2 Rh2 39. Kd3 h5 40.
Ke3 h4 41. Be1 h3 42. Bg3 Rg2 43. Kf3 Bb6 44. f5 Ke7 45. Nf4 Rxg3+ 46. Kxg3 Bc7 47. Kxh3 Bxf4 48. Kg4 Be5 49. Kf3 Kf6 50. Ke4 b6 51. b4 a6 52. Kd5 Kxf5 53. Kc6 0-1

[Event "*** Titled Tuesday Blitz"]
[Site "Chess.com"]
[Date "2019.07.02"]
[Round "5"]
[White "Vegan4future"]
[Black "BlackBoarder"]
[Result "0-1"]
[WhiteElo "2397"]
[BlackElo "2492"]
[TimeControl "180+2"]
[EndTime "14:07:53 PDT"]
[Termination "BlackBoarder won by resignation"]

1. Nc3 d5 2. e4 e6 3. Nf3 Nf6 4.
e5 Nfd7 5. d4 c5 6. dxc5 Nc6 7.
Bf4 Bxc5 8. Bd3 f6 9. exf6 Qxf6 10. Bg3 O-O 11. O-O g6 12. Nb5 Nde5 13. Nxe5 Nxe5 14. Qe2 Nxd3 15. cxd3 Bd7 16. d4 Bxb5 17. Qxb5 Bxd4 18. Qxb7 Bxb2 19. Rab1 Bd4 20. Rbc1 Bb6 21. Rc6 Qf7 22. Qa6 Rae8 23. Be5 Qf5 24. Qe2 Rc8 25. Rxc8 Rxc8 26. Bg3 Rc2 27. Qb5 Rc8 28. Qd7 Rf8 29. h4 Qf7 30.
Qd6 Rd8 31. Qe5 Qf5 32. Qc3 d4 33. Qd2 d3 34. Rd1 Ba5 35. Qe3 d2 36. Bf4 Qg4 37.
f3 Qf5 38. Kh2 Bb6 39. Qe4 Qxe4 40. fxe4 Ba5 41. Kg3 Rd3+ 42. Kf2 Ra3 43. Bxd2 Rxa2 44. Ke3 Bxd2+ 45. Kd4 Bh6 46. Ke5 Bf8 47. Kxe6 Rxg2 48.
e5 Rg4 49. Rd7 Rxh4 50. Rxa7 Rf4 51. Kd5 Rf7 52. Ra8 Re7 53. e6 h5 54. Ke5 Kg7 55. Ra4 Re8 56. Re4 Be7 57. Kd5 Rd8+ 58. Ke5 Bf6+ 59. Kf4 Rd4 60. Rxd4 Bxd4 61. Ke4 Bf6 62.
Kf4 Be7 63. Ke5 h4 64. Kf4 Kf6 65. Kg4 Kxe6 66. Kh3 0-1